 Dungeon Sprint DCSS version 0.29-a0-320-g9f8742066b (webtiles) character file.

Game seed: 11910915125784215988

56504 mhtbhm the Minotaur Blade (level 14, -3/160 HPs)
             Began as a Minotaur Fighter on Apr 2, 2022.
             Was the Champion of Trog.
             Slain by a vault warden
             ... wielding a +0 war axe
              (24 damage)
             ... in the Dungeon (Sprint IX: "|||||||||||||||||||||||||||||").
             The game lasted 00:12:45 (8267 turns).

mhtbhm the Minotaur Blade (Minotaur Fighter)        Turns: 8267, Time: 00:12:46

Health: -3/160     AC: 33    Str: 32    XL:     14   Next: 42%
Magic:  13/13      EV: 12    Int:  5    God:    Trog [******]
Gold:   637        SH: 14    Dex: 10    Spells: 13/13 levels left

rFire   + + .      SeeInvis .   a - +4 demon blade (vorpal)
rCold   . . .      Faith    .   c - +0 buckler
rNeg    + . .      Spirit   .   b - +2 plate armour {rPois}
rPois   +          Reflect  +   (helmet restricted)
rElec   +          Harm     .   G - +1 cloak
rCorr   .          Rampage  .   e - +1 pair of gloves
Will    +++..      NoTele   +   f - +4 pair of boots of Wostuad {rElec rF++ rN+ Stlth-}
Stlth   ..........              w - amulet of reflection
HPRegen 1.36/turn               m - +3 ring of strength
MPRegen 0.13/turn               n - +3 ring of strength

@: mighty, marked, strong-willed, on berserk cooldown, regenerating, slowed,
very slow
A: horns 2, retaliatory headbutt
a: Renounce Religion, Berserk, Trog's Hand, Brothers in Arms


You were in the Dungeon.
You worshipped Trog.
Trog was exalted by your worship.
You visited 1 branch You collected 1833 gold pieces.
You spent 1196 gold pieces at shops.

Inventory:

Hand Weapons
 a - a +4 vorpal demon blade (weapon)
 s - a +2 scimitar of holy wrath
 t - the +6 falchion of Moral Flaws {vorpal, Fragile rPois Str+4 Dex+3}
   (Trog gifted it to you in the Dungeon)

   It inflicts extra damage upon your enemies.
   Str:       It affects your strength (+4).
   Dex:       It affects your dexterity (+3).
   rPois:     It protects you from poison.
   Fragile:   It will be destroyed if unequipped.
 u - the +11 plutonium sword {Contam Stlth-}
   (Trog gifted it to you in the Dungeon)

   It occasionally inflicts wild transmutation effects on those it strikes,
   inflicting malmutation or extra damage, or polymorphing them into a new form.
   Contam:    It causes magical contamination when unequipped.
   Stlth:     It makes you less stealthy.
 v - a +4 double sword of flaming
Armour
 b - a +2 plate armour of poison resistance (worn)
 c - a +0 buckler (worn)
 e - a +1 pair of gloves (worn)
 f - the +4 pair of boots of Wostuad (worn) {rElec rF++ rN+ Stlth-}
   (You bought it in a shop in the Dungeon)

   rF:        It greatly protects you from fire.
   rElec:     It insulates you from electricity.
   rN:        It protects you from negative energy.
   Stlth:     It makes you less stealthy.
 G - a +1 cloak (worn)
Jewellery
 m - a +3 ring of strength (left hand)
 n - a +3 ring of strength (right hand)
 w - an amulet of reflection (around neck)
 y - a ring of fire
 D - a ring of poison resistance
 E - a ring of willpower
 F - a ring of see invisible
Scrolls
 j - a scroll of blinking
 p - 4 scrolls of identify
 q - 2 scrolls of enchant weapon
 r - 2 scrolls of enchant armour
Potions
 d - a potion of might
 g - a potion of haste
 h - 4 potions of magic
 i - a potion of invisibility
 o - a potion of berserk rage
 x - 2 potions of cancellation
 z - 4 potions of heal wounds
 A - 3 potions of curing
 B - a potion of flight
 C - a potion of attraction


   Skills:
 + Level 24.8 Fighting
 + Level 26.3 Long Blades
 + Level 20.5 Armour
 + Level 10.0 Dodging
 + Level 4.7 Stealth
 + Level 20.7 Shields
 + Level 5.5 Unarmed Combat
 + Level 5.1 Evocations


You had 13 spell levels left.
You didn't know any spells.
Your spell library was empty.

Dungeon Overview and Level Annotations

Branches:
Dungeon (1/1)

Altars:
Cheibriados
Dithmenos
Elyvilon
Fedhas
Gozag
Hepliaklqana
Kikubaaqudgha
Makhleb
Nemelex Xobeh
Okawaru
Qazlal
Ru
Sif Muna
Trog
Uskayaw
Vehumet
Wu Jian
Xom
Yredelemnul
Zin
The Shining One
Beogh
Jiyva
Lugonu

Shops:
D =![:


Innate Abilities, Weirdness & Mutations

You have a pair of horns on your head.
You reflexively headbutt those who attack you in melee.


Message History

a +0 dire flail; a +0 animal skin Unknown command.
Your troll bites the yaktaur captain!!
The yaktaur captain dies!
Trog accepts your kill.
The vault warden hits your troll with a +0 dire flail!!
Unknown command.
Unknown command.
Your troll bites the vault warden!
Your troll barely misses the vault warden.
Your troll closely misses the vault warden.
Your troll bites the vault warden!
Your troll claws the vault warden!
Your troll claws the vault warden but does no damage.
The vault sentinel blows a loud note on a signal horn!
The vault warden hits your troll with a +0 dire flail!!!
Your troll dies!
Your troll's corpse disappears in a puff of smoke!
Unknown command.
Your skin crawls.
You feel strong-willed.
You barely miss the vault warden.
The vault warden is moderately wounded.
The vault sentinel blows a loud note on a signal horn!
The vault warden hits you with a +0 dire flail!!
* * * LOW HITPOINT WARNING * * *
You closely miss the vault warden.
The vault warden is moderately wounded.
The vault warden hits you with a +0 dire flail.
* * * LOW HITPOINT WARNING * * *
You slice the vault warden!! You headbutt the vault warden!
The vault warden is almost dead.
You block the vault warden's attack.
You slice the vault warden!!
You kill the vault warden!
Trog accepts your kill.
Trog appreciates your killing of a magic user.
The vault sentinel blows a loud note on a signal horn!
You closely miss the vault warden. Your headbutt misses the vault warden.
The vault warden hits you with a +0 war axe!!
You die...

÷▓.▓.▓.▓[▓.▓.▓.▓[▓
'▓.▓.▓.▓[▓.▓.▓.▓.▓
.▓.▓.▓.▓.▓.▓.▓.▓.▓
.▓.▓.▓.▓.▓.▓.▓.▓.▓
.▓.▓.▓)▓.▓.▓.▓.▓.▓
.▓.▓.▓.▓)▓.▓'▓.▓.▓
.▓.▓.▓.▓.▓.▓.▓.▓+▓
.▓.▓.▓.▓)▓.▓.▓.▓)▓
.▓.▓.▓.▓.▓.▓†▓.▓@▓
.▓.▓.▓.▓.▓.▓.▓.▓p▓
.▓.▓)▓.▓.▓.▓.▓.▓u▓
'▓.▓)▓.▓.▓.▓.▓.▓.▓
÷▓)▓)▓.▓'▓.▓.▓.▓p▓
÷▓.▓)▓.▓)▓.▓)▓.▓c▓
.▓.▓.▓.▓.▓)▓)▓.▓.▓
.▓.▓)▓.▓)▓.♣'♣.▓p▓
.▓[▓∩▓.▓(▓.♣.♣.▓.▓


You could see a brown very ugly thing, a vault warden, a vault sentinel
(catching breath), a yaktaur and a wizard.

Vanquished Creatures
  Rupert (D)
  Kirke (D)
  A shadow dragon (D)
  A tengu reaver (D)
  A fire giant (D)
  An emperor scorpion (D)
  A ghost moth (D)
  A frost giant (D)
  2 vault wardens (D)
  2 very ugly things (D)
  2 broodmothers (D)
  An ironbound thunderhulk (D)
  An eleionoma (D)
  A spark wasp (D)
  Snorg (D)
  An ettin (D)
  A merfolk javelineer (D)
  Josephine (D)
  3 fire dragons (D)
  3 ice dragons (D)
  A rakshasa (D)
  Erolcha (D)
  An ironbound frostheart (D)
  A hydra (D)
  A spriggan air mage (D)
  An alligator (D)
  A tengu warrior (D)
  A death yak (D)
  3 deep troll earth magi (D)
  A shock serpent (D)
  An orc high priest (D)
  A salamander mystic (D)
  A sea snake (D)
  2 swamp dragons (D)
  A spriggan druid (D)
  An ironbound convoker (D)
  A lindwurm (D)
  A necromancer (D)
  A wolf spider (D)
  An orc knight (D)
  A manticore (D)
  7 orc sorcerers (D)
  4 cyclopes (D)
  5 ugly things (D)
  A salamander (D)
  3 moths of wrath (D)
  2 will-o-the-wisps (D)
  A black mamba (D)
  A guardian serpent (D)
  4 naga magi (D)
  A water nymph (D)
  An elephant (D)
  A vault sentinel (D)
  6 cane toads (D)
  A torpor snail (D)
  A yaktaur (D)
  A demonic crawler (D)
  A kobold demonologist (D)
  A tengu conjurer (D)
  A meliai (shapeshifter) (D)
  2 merfolk (D)
  2 tyrant leeches (D)
  A wind drake (D)
  A troll (D)
  2 snapping turtles (D)
  2 blink frogs (D)
  3 wraiths (D)
  4 yaks (D)
  A wyvern (D)
  2 hogs (D)
  Eustachio (D)
  3 vampire mosquitoes (D)
  A redback (D)
  A warg (D)
  5 water moccasins (D)
  An ice beast (D)
  8 orc warriors (D)
  A wolf (D)
  A centaur (D)
  5 bullfrogs (D)
  5 orc priests (D)
  An iguana (D)
  12 orc wizards (D)
  2 adders (D)
  A dart slug (D)
  6 orcs (D)
  A giant cockroach (D)
  2 goblins (D)
  A quokka (D)
  A ball python (D)
173 creatures vanquished.

Vanquished Creatures (collateral kills)
  A yaktaur captain (D)
  A tengu warrior (D)
  A spriggan berserker (D)
  A wizard (D)
4 creatures vanquished.

Vanquished Creatures (others)
  3 humans (D)
  6 foxfires (D)
9 creatures vanquished.

Grand Total: 186 creatures vanquished

Notes
Turn   | Place    | Note
-------+----------+-------------------------------------------
     0 | D        | mhtbhm the Minotaur Fighter began the quest for the Orb.
     0 | D        | Reached XP level 1. HP: 19/19 MP: 0/0
    86 | D        | Noticed an ice beast
    86 | D        | Noticed an iguana
    94 | D        | Reached skill level 3 in Long Blades
    94 | D        | Reached XP level 2. HP: 28/28 MP: 1/1
   100 | D        | Killed an ice beast
   101 | D        | Reached skill level 6 in Long Blades
   101 | D        | Reached XP level 3. HP: 38/38 MP: 2/2
   101 | D        | Reached XP level 4. HP: 45/45 MP: 3/3
   109 | D        | Reached skill level 7 in Long Blades
   109 | D        | Reached XP level 5. HP: 52/52 MP: 4/4
   114 | D        | Found a snail-covered altar of Cheibriados.
   114 | D        | Found a shadowy altar of Dithmenos.
   114 | D        | Found a white marble altar of Elyvilon.
   114 | D        | Found a blossoming altar of Fedhas.
   114 | D        | Found an opulent altar of Gozag.
   115 | D        | Found a hazy altar of Hepliaklqana.
   116 | D        | Found a viscous altar of Jiyva.
   117 | D        | Found an ancient bone altar of Kikubaaqudgha.
   118 | D        | Found a corrupted altar of Lugonu.
   119 | D        | Found a burning altar of Makhleb.
   120 | D        | Found a sparkling altar of Nemelex Xobeh.
   121 | D        | Found an iron altar of Okawaru.
   122 | D        | Found a stormy altar of Qazlal.
   123 | D        | Found a sacrificial altar of Ru.
   124 | D        | Found a shimmering blue altar of Sif Muna.
   125 | D        | Found a bloodstained altar of Trog.
   126 | D        | Found a hide-covered altar of Uskayaw.
   127 | D        | Found a radiant altar of Vehumet.
   128 | D        | Found an ornate altar of the Wu Jian Council.
   129 | D        | Found a shimmering altar of Xom.
   130 | D        | Found a basalt altar of Yredelemnul.
   131 | D        | Found a glowing silver altar of Zin.
   132 | D        | Found a glowing golden altar of the Shining One.
   133 | D        | Became a worshipper of Trog the Wrathful
   182 | D        | Noticed a kobold demonologist
   182 | D        | Noticed a yak
   182 | D        | Noticed a troll
   182 | D        | Noticed a centaur
   182 | D        | Noticed an orc warrior
   182 | D        | Noticed a yak
   187 | D        | Noticed a rust devil
   204 | D        | Killed a kobold demonologist
   205 | D        | Reached skill level 10 in Long Blades
   205 | D        | Reached skill level 1 in Evocations
   205 | D        | Reached XP level 6. HP: 7/63 MP: 5/5
   490 | D        | Killed a yak
   490 | D        | Reached * piety under Trog
   491 | D        | Reached skill level 11 in Long Blades
   491 | D        | Reached XP level 7. HP: 70/70 MP: 6/6
   496 | D        | Killed a troll
   497 | D        | Reached skill level 10 in Fighting
   497 | D        | Reached skill level 12 in Long Blades
   504 | D        | Reached ** piety under Trog
   505 | D        | Reached skill level 13 in Long Blades
   509 | D        | Killed a yak
   510 | D        | Reached XP level 8. HP: 30/81 MP: 7/7
   741 | D        | Noticed a cyclops
   741 | D        | Noticed a cyclops
   741 | D        | Noticed a cyan ugly thing
   752 | D        | Reached skill level 14 in Long Blades
   752 | D        | Reached skill level 1 in Stealth
   762 | D        | Killed a cyclops
   763 | D        | Reached skill level 15 in Long Blades
   769 | D        | Killed a cyclops
   769 | D        | Reached *** piety under Trog
   770 | D        | Reached skill level 10 in Armour
   770 | D        | Reached XP level 9. HP: 82/90 MP: 8/8
   778 | D        | Killed a cyan ugly thing
   779 | D        | Reached skill level 16 in Long Blades
   779 | D        | Reached skill level 5 in Dodging
  1137 | D        | Noticed a cane toad
  1138 | D        | Noticed a cane toad
  1145 | D        | Killed a cane toad
  1145 | D        | Reached **** piety under Trog
  1153 | D        | Noticed a cane toad
  1159 | D        | Reached skill level 17 in Long Blades
  1174 | D        | Killed a cane toad
  1174 | D        | Reached ***** piety under Trog
  1181 | D        | HP: 2/93 [cane toad (10)]
  1182 | D        | Killed a cane toad
  1495 | D        | Noticed an elephant
  1495 | D        | Noticed a death yak
  1504 | D        | Killed an elephant
  1505 | D        | Reached XP level 10. HP: 56/102 MP: 9/9
  1516 | D        | Reached skill level 18 in Long Blades
  1516 | D        | Reached skill level 10 in Shields
  1529 | D        | Killed a death yak
  1532 | D        | Received a gift from Trog
  1555 | D        | Reached skill level 15 in Fighting
  1893 | D        | Noticed a cane toad
  1893 | D        | Noticed a cane toad
  1896 | D        | Noticed a cane toad
  1910 | D        | Killed a cane toad
  1910 | D        | Reached ****** piety under Trog
  2054 | D        | Killed a cane toad
  2067 | D        | Identified the +6 falchion of Moral Flaws {vorpal, Fragile
                  | rPois Str+4 Dex+3} (Trog gifted it to you in the Dungeon)
  2067 | D        | Received a gift from Trog
  2072 | D        | Reached skill level 19 in Long Blades
  2081 | D        | HP: 2/107 [cane toad (14)]
  2083 | D        | Killed a cane toad
  2447 | D        | Noticed Eustachio
  2470 | D        | Killed Eustachio
  2487 | D        | Noticed Josephine
  2494 | D        | Reached XP level 11. HP: 102/115 MP: 10/10
  2504 | D        | Killed Josephine
  2504 | D        | Received a gift from Trog
  2504 | D        | Found the +11 plutonium sword {Contam Stlth-}
  2758 | D        | Received a gift from Trog
  2811 | D        | Noticed an orc knight
  2811 | D        | Noticed an orc high priest
  2822 | D        | Killed an orc knight
  2822 | D        | Received a gift from Trog
  2828 | D        | Noticed a sixfirhy
  3358 | D        | Killed an orc high priest
  3423 | D        | Noticed an orc sorcerer
  3439 | D        | Killed an orc sorcerer
  3439 | D        | Received a gift from Trog
  3440 | D        | Reached skill level 20 in Long Blades
  3497 | D        | Found Xifra's Jewellery Emporium.
  3497 | D        | Noticed an orc sorcerer
  3497 | D        | Noticed an orc sorcerer
  3509 | D        | Killed an orc sorcerer
  3509 | D        | Received a gift from Trog
  3514 | D        | Paralysed by an orc sorcerer for 7 turns
  3522 | D        | Killed an orc sorcerer
  3523 | D        | Found Poimaat's Distillery.
  3530 | D        | Noticed an orc sorcerer
  3531 | D        | Received a gift from Trog
  3532 | D        | Found Utyikk's Antique Armour Emporium.
  3540 | D        | Killed an orc sorcerer
  3541 | D        | Found Vuubb's Book Shoppe.
  3541 | D        | Noticed an orc sorcerer
  3541 | D        | Noticed an orc sorcerer
  3554 | D        | Noticed an orc sorcerer
  3565 | D        | Killed an orc sorcerer
  3566 | D        | Noticed a soul eater
  3569 | D        | Killed an orc sorcerer
  3577 | D        | Paralysed by an orc sorcerer for 2 turns
  3581 | D        | Killed an orc sorcerer
  3581 | D        | Received a gift from Trog
  3742 | D        | Bought a pair of scorched gloves for 218 gold pieces
  3742 | D        | Identified the +2 pair of gloves of Fanaticism {-Tele
                  | Dex+4} (You bought it in a shop in the Dungeon)
  3742 | D        | Bought a pair of ichor-stained boots for 218 gold pieces
  3742 | D        | Identified the +4 pair of boots of Wostuad {rElec rF++ rN+
                  | Stlth-} (You bought it in a shop in the Dungeon)
  3746 | D        | Bought an amulet of reflection for 330 gold pieces
  3753 | D        | Bought 2 potions of cancellation for 160 gold pieces
  3753 | D        | Bought a potion of haste for 100 gold pieces
  3753 | D        | Bought a potion of heal wounds for 50 gold pieces
  3753 | D        | Bought a potion of curing for 30 gold pieces
  3753 | D        | Bought a potion of flight for 30 gold pieces
  3753 | D        | Bought a potion of curing for 30 gold pieces
  3753 | D        | Bought a potion of attraction for 30 gold pieces
  3915 | D        | Noticed Erolcha
  3921 | D        | Killed Erolcha
  3922 | D        | Reached skill level 21 in Long Blades
  4135 | D        | Noticed a tengu warrior
  4135 | D        | Noticed a green ugly thing
  4135 | D        | Noticed a brown ugly thing
  4148 | D        | Killed a tengu warrior
  4153 | D        | Noticed a wizard
  4156 | D        | Killed a green ugly thing
  4157 | D        | Noticed a deep troll earth mage
  4158 | D        | Noticed a brown very ugly thing
  4161 | D        | Received a gift from Trog
  4167 | D        | Reached XP level 12. HP: 102/130 MP: 11/11
  4171 | D        | Noticed an ettin
  4177 | D        | Killed a green very ugly thing
  4179 | D        | Noticed a spark wasp
  4180 | D        | Reached skill level 15 in Armour
  4186 | D        | Noticed a tengu warrior
  4189 | D        | Killed a deep troll earth mage
  4197 | D        | Killed an ettin
  4197 | D        | Received a gift from Trog
  4198 | D        | Reached skill level 22 in Long Blades
  4217 | D        | Killed a spark wasp
  4220 | D        | HP: 3/133 [spriggan berserker/+0 hand axe (24)]
  4237 | D        | Killed a tengu warrior
  4688 | D        | Noticed Rupert
  4710 | D        | Killed Rupert
  5048 | D        | Noticed Kirke
  5082 | D        | Killed Kirke
  5082 | D        | Received a gift from Trog
  5083 | D        | Reached skill level 1 in Unarmed Combat
  5083 | D        | Reached skill level 5 in Evocations
  5452 | D        | Noticed a merfolk javelineer
  5460 | D        | Killed a merfolk javelineer
  5461 | D        | Reached skill level 23 in Long Blades
  5475 | D        | Identified the +10 scimitar "Zeodecoa" {flame, Dex+2} (Trog
                  | gifted it to you in the Dungeon)
  5475 | D        | Received a gift from Trog
  5885 | D        | Reached XP level 13. HP: 134/143 MP: 12/12
  5900 | D        | Received a gift from Trog
  5904 | D        | Reached skill level 5 in Unarmed Combat
  5924 | D        | Received a gift from Trog
  5930 | D        | Reached skill level 15 in Shields
  6204 | D        | Noticed a broodmother
  6204 | D        | Noticed an emperor scorpion
  6208 | D        | Noticed a broodmother
  6212 | D        | Killed a broodmother
  6596 | D        | Killed an emperor scorpion
  6599 | D        | Received a gift from Trog
  6604 | D        | Killed a broodmother
  6768 | D        | Noticed an eleionoma
  6777 | D        | Received a gift from Trog
  6778 | D        | Reached skill level 24 in Long Blades
  6792 | D        | Killed an eleionoma
  6813 | D        | Received a gift from Trog
  6992 | D        | Noticed Snorg
  7007 | D        | Killed Snorg
  7063 | D        | Noticed a fire dragon
  7063 | D        | Noticed a fire dragon
  7063 | D        | Noticed a frost giant
  7063 | D        | Noticed a fire giant
  7073 | D        | Noticed a fire dragon
  7077 | D        | Killed a fire dragon
  7095 | D        | Noticed a tengu reaver
  7098 | D        | Killed a fire dragon
  7099 | D        | Noticed a shadow dragon
  7108 | D        | Killed a frost giant
  7108 | D        | Received a gift from Trog
  7115 | D        | Killed a fire giant
  7122 | D        | Killed a fire dragon
  7123 | D        | Reached skill level 25 in Long Blades
  7137 | D        | Killed a tengu reaver
  7137 | D        | Received a gift from Trog
  7262 | D        | Killed a ghost moth
  7263 | D        | Reached XP level 14. HP: 52/157 MP: 0/13
  7293 | D        | Killed a shadow dragon
  7315 | D        | Received a gift from Trog
  7938 | D        | Noticed a white very ugly thing
  7951 | D        | Killed a white very ugly thing
  7952 | D        | Reached skill level 10 in Dodging
  7954 | D        | Received a gift from Trog
  8214 | D        | Noticed an ironbound thunderhulk
  8214 | D        | Noticed a vault warden
  8222 | D        | Noticed a vault warden
  8228 | D        | Killed an ironbound thunderhulk
  8228 | D        | Identified the +7 scimitar of Megu {flame, *Rage rF+ Str+6}
                  | (Trog gifted it to you in the Dungeon)
  8228 | D        | Received a gift from Trog
  8229 | D        | Noticed a vault warden
  8238 | D        | Killed a vault warden
  8239 | D        | Reached skill level 26 in Long Blades
  8249 | D        | Noticed a brown very ugly thing
  8266 | D        | Killed a vault warden
  8267 | D        | Slain by a vault warden

Illustrated notes

Levels and vault maps discovered:
D:        linesprint [early_d, line_temple, items_1, d_10, items_2, lair_1,
          lair_end, items_3, orc_1, orc_end, items_4, d_15, swamp_1, shoals_1,
          snake_1, spider_1, d_20, vaults_1, items_5, swamp_end, shoals_end,
          snake_end, spider_end, vaults_end, d_27, items_6, zot_1, zot_end,
          crypt_end, forest_end, elf_end, slime_end, tomb_end, abyss_end,
          pan_hell_end]

Skill      XL: |  1  2  3  4  5  6  7  8  9 10 11 12 13 14 |
---------------+-------------------------------------------+-----
Fighting       | 4 6 7 9 10 12 13 16 19 21 23 24 | 24.8
Armour         | 4 6 8 9 10 11 12 14 17 19 20 | 20.5
Shields        | 4 6 7 8 9 11 12 14 19 20 | 20.7
Long Blades    | 3 6 7 10 11 13 15 17 19 21 23 25 26 | 26.3
Dodging        | 2 3 4 6 7 9 10 | 10.0
Evocations     | 1 2 3 4 5 |  5.1
Stealth        | 1 2 3 4 |  4.7
Unarmed Combat | 4 5 |  5.5

Action                   |  1- 3 |  4- 6 |  7- 9 | 10-12 | 13-15 || total
-------------------------+-------+-------+-------+-------+-------++-------
Melee: Long sword        |    29 |     7 |       |       |       ||    36
       Headbutt          |     5 |    10 |    17 |    97 |    87 ||   216
       Scimitar          |       |    19 |   111 |    36 |       ||   166
       Demon blade       |       |       |       |   386 |   309 ||   695
       Double sword      |       |       |       |    32 |    42 ||    74
       Unarmed           |       |       |       |    23 |       ||    23
Invok: Berserk           |       |       |     1 |     2 |     4 ||     7
       Brothers in Arms  |       |       |       |     3 |     4 ||     7
       Trog's Hand       |       |       |       |       |     1 ||     1
Evoke: Wand              |       |     6 |       |     4 |       ||    10
  Use: Potion            |     1 |       |     4 |     6 |     5 ||    16
       Scroll            |       |     1 |       |     1 |     3 ||     5
 Stab: Distracted        |       |       |       |     1 |       ||     1
Armor: Scale mail        |    14 |     1 |       |       |       ||    15
       Ring mail         |       |       |    26 |    30 |       ||    56
       Plate armour      |       |       |       |    95 |   195 ||   290
Dodge: Dodged            |    12 |    11 |    34 |   118 |   106 ||   281
Block: Buckler           |     5 |     8 |    20 |    92 |   195 ||   320
       Other             |       |       |       |     3 |       ||     3
       Reflection        |       |       |       |       |     3 ||     3

Table legend: (Time is in decaauts)
 A = Elapsed time spent in this place.
 B = Non-inter-level travel time spent in this place.
 C = Inter-level travel time spent in this place.
 D = Time resting spent in this place.
 E = Time spent auto-exploring this place.
 F = Levels seen in this place.
 G = Mean time per level.
                   A        B        C        D        E       F      G
               +--------+--------+--------+--------+--------+-----+--------+
         Total |   7994 |   7994 |      0 |   4652 |   1126 |   1 | 7994.0 |
       Dungeon |   7994 |   7994 |      0 |   4652 |   1126 |   1 | 7994.0 |
               +--------+--------+--------+--------+--------+-----+--------+

Top non-repeatable levels by time:
       D: 7994 daAuts
